 Dungeon Crawl Stone Soup version 0.28.0-43-g3370ac3207 (webtiles) character file.

Game seed: 6600148789936028414

40742 Faeu the Warrior (level 13, -7/126 (128) HPs)
             Began as a Minotaur Fighter on Mar 23, 2022.
             Was a High Priest of Elyvilon.
             Hit by a silver javelin thrown by a merfolk javelineer (10 damage)
             ... on level 4 of the Shoals on Mar 25, 2022.
             The game lasted 02:48:28 (24049 turns).

Faeu the Warrior (Minotaur Fighter)                Turns: 24049, Time: 02:48:29

HP:   -7/126 (128)  AC: 23    Str: 26    XL:     13   Next: 76%
MP:   0/12          EV: 13    Int:  5    God:    Elyvilon [*****.]
Gold: 719           SH:  0    Dex: 10    Spells: 12/12 levels left

rFire   . . .      SeeInvis .   M - +5 great sword (flame) {long}
rCold   . . .      Faith    .   (shield currently unavailable)
rNeg    . . .      Spirit   +   n - +0 chain mail
rPois   +          Reflect  .   P - +2 hat
rElec   .          Harm     .   o - +2 cloak
rCorr   .          Rampage  .   v - +2 pair of gloves
Will    .....                   (no boots)
Stlth   ..........              G - amulet of guardian spirit
HPRegen 0.31/turn               C - ring of poison resistance
MPRegen 0.13/turn               U - +4 ring of evasion

@: about to teleport, mesmerised, lightly drained, very slow
A: horns 2, retaliatory headbutt
a: Renounce Religion, Purification, Heal Other, Heal Self, Divine Vigour


You were on level 4 of the Shoals.
You worshipped Elyvilon.
Elyvilon was extremely pleased with you.
You visited 4 branches of the dungeon, and saw 18 of its levels.
You also visited: Bailey and Ice Cave.

You collected 719 gold pieces.


Innate Abilities, Weirdness & Mutations

You have a pair of horns on your head.
You reflexively headbutt those who attack you in melee.


   Skills:
 + Level 15.9 Fighting
 + Level 15.6 Long Blades
 + Level 15.8 Armour
 - Level 11.0 Shields


You had 12 spell levels left.
You didn't know any spells.
Your spell library contained the following spells:

 Spells                   Type           Power      Damage    Failure   Level
 Corpse Rot               Necr/Air       0%         N/A       96%         2
 Inner Flame              Hex/Fire       0%         N/A       99%         3
 Dispel Undead            Necr           0%         3d6       100%        4
 Hailstorm                Conj/Ice       0%         3d3       100%        4
 Ice Form                 Ice/Tmut       0%         N/A       100%        4
 Leda's Liquefaction      Hex/Erth       0%         N/A       100%        4
 Summon Ice Beast         Ice/Summ       0%         N/A       100%        4
 Lee's Rapid Deconstruct  Erth           0%         3d5*      100%        5
 Summon Mana Viper        Hex/Summ       0%         N/A       100%        5
 Death Channel            Necr           0%         N/A       100%        6
 Simulacrum               Ice/Necr       0%         N/A       100%        6
 Statue Form              Tmut/Erth      0%         N/A       100%        6
 Haunt                    Necr/Summ      0%         N/A       100%        7

Inventory:

Hand Weapons
 d - the +9 staff of Olgreb {rPois∞, staff}
   (You found it on level 5 of the Dungeon)

   If the wielder is skilled in Evocations, they can envenom those struck by it,
   dealing poison damage which bypasses armour.
   It enhances your poison magic.
   It grants immunity to poison.
   It can be activated via the 'a'bility menu to radiate toxic energy, with
   effectiveness depending on Evocations skill.
 y - a +1 dagger of venom {short}
   (You took it off an orc wizard on level 9 of the Dungeon)
 H - a +4 flail {mace}
   (You took it off a wight on level 8 of the Dungeon)
 I - a +4 war axe {axe}
   (You took it off a wight on level 9 of the Dungeon)
 M - a +5 great sword of flaming (weapon) {long}
   (You took it off a wight on level 8 of the Dungeon)
Missiles
 j - 267 stones {throwing}
 S - 8 boomerangs (quivered) {throwing}
Armour
 c - a +0 buckler
 n - a +0 chain mail (worn)
   (You took it off an orc on level 3 of the Dungeon)
 o - a +2 cloak (worn)
   (You found it on level 3 of the Dungeon)
 v - a +2 pair of gloves (worn)
   (You found it on level 5 of the Dungeon)
 P - a +2 hat (worn)
   (You found it in an ice cave)
Magical Staves
 R - a staff of conjuration {!a@e2staff}
   (You found it in an ice cave)
Jewellery
 e - a +6 ring of dexterity
   (You found it on level 7 of the Dungeon)
 z - a ring of willpower
   (You found it on level 5 of the Dungeon)
 C - a ring of poison resistance (left hand)
   (You took it off an orc warrior on level 7 of the Dungeon)
 E - a +6 ring of dexterity
   (You found it on level 7 of the Dungeon)
 G - an amulet of guardian spirit (around neck)
   (You found it on level 1 of the Lair of Beasts)
 U - a +4 ring of evasion (right hand)
   (You found it on level 1 of the Shoals)
 V - a ring of willpower
   (You found it on level 1 of the Shoals)
Wands
 m - a wand of digging (4)
   (You found it on level 7 of the Dungeon)
 q - a wand of polymorph (13)
   (You found it on level 4 of the Dungeon)
 w - a wand of acid (20)
   (You found it on level 5 of the Dungeon)
 B - a wand of iceblast (8)
   (You found it on level 6 of the Dungeon)
 D - a wand of mindburst (4)
   (You found it on level 9 of the Dungeon)
 F - a wand of flame (3)
   (You found it on level 8 of the Dungeon)
Scrolls
 g - a scroll of teleportation {@r4}
 l - a scroll of enchant armour
 p - a scroll of identify {@r1}
 s - a scroll of brand weapon
 K - 4 scrolls of summoning
 L - a scroll of vulnerability {!r!r}
Potions
 b - a potion of lignification {!q}
 f - 3 potions of magic
 h - 3 potions of brilliance
 i - a potion of invisibility
 k - 2 potions of mutation {unknown}
 r - a potion of heal wounds {unknown}
 t - a potion of berserk rage {unknown}
 u - 2 potions of flight
 x - a potion of haste {@q3}
 J - a potion of attraction {unknown}
 N - a potion of cancellation {unknown}
 O - 6 potions of ambrosia
 Q - a potion of degeneration {unknown}
Miscellaneous
 a - a phial of floods
   (You found it on level 1 of the Lair of Beasts)

Dungeon Overview and Level Annotations

Branches:
Dungeon (10/15)            Temple (1/1) D:5            Lair (3/6) D:8
 Shoals (4/4) Lair:2       Bailey (visited)           IceCv (visited)
  Snake: Lair:2-4    Spider: Lair:2-4       Orc: D:9-12

Altars:
Ashenzari
Cheibriados
Elyvilon
Fedhas
Hepliaklqana
Kikubaaqudgha
Makhleb
Nemelex Xobeh
Qazlal
Ru
Sif Muna
Trog
Uskayaw
Vehumet
Wu Jian
Xom
Zin
The Shining One

Shops:
D:2 (   D:9 **

Annotations:
D:5 1 runed translucent door
D:6 1 runed translucent door, crompyre's ghost, novice GnCA
Lair:1 2 transporters, exclusion: oklob plant, Sobaton's ghost, journeyman DrFi

.............^≈≈≈≈≈≈
.....)..P.....≈≈≈≈≈≈
........P.....≈≈≈≈≈≈
......P........≈≈≈≈≈
.......<......P≈≈≈≈≈
....mP....≈≈≈..≈≈≈≈≈
........)..≈≈.≈≈≈≈≈≈
......≈≈mmmSm≈≈≈≈≈≈≈
.....≈≈≈Pm≈@≈≈≈m≈≈≈≈
...≈≈≈≈≈m≈≈≈≈≈≈≈≈≈≈≈
#....≈≈≈≈≈P≈≈≈≈.....
..#....P≈≈P≈≈≈......
#..#...≈≈≈P≈≈≈.##...
.....P.≈P≈≈≈≈....≈.
#.#..P≈≈≈≈≈≈≈..≈ .##
..#...≈≈≈≈≈≈≈≈≈≈ ...
≈≈≈≈. ....


You could see 2 merfolk avatars, a merfolk impaler, 2 merfolk javelineers, a sea
snake, a merfolk aquamancer and 2 merfolk sirens.


Message History

Your unstable footing causes you to fumble your attack.
The pull of its song draws you forwards.
The sea snake bites you but does no damage.
The merfolk siren chants its luring song.
The merfolk impaler hits the plant with a +1 demon trident of draining!
The plant begins to die.
The merfolk javelineer throws a silver javelin.
The silver javelin closely misses you.
The silver javelin pierces through the merfolk avatar!
The merfolk javelineer throws a javelin.
The javelin pierces through you!
* * * LOW HITPOINT WARNING * * *
The merfolk impaler hits the plant with a +1 demon trident of draining!!
The plant begins to die.
The merfolk aquamancer gestures wildly while chanting.
The merfolk aquamancer blinks! 😨 HP[-11] MP[-2]
You take 11 damage, and now have 63/128 hp.
You lost 2 mp, and now have 7/12 mp.
As you read the scroll of teleportation {@r4}, it crumbles to dust.
You feel strangely unstable.
The sea snake bites you but does no damage.
The merfolk avatar chants its luring song.
The merfolk siren chants its luring song.
The merfolk avatar chants its luring song.
The merfolk impaler hits the plant with a +1 demon trident of draining!!
The merfolk javelineer throws a silver javelin.
The silver javelin pierces through you!
* * * LOW HITPOINT WARNING * * *
x2 The silver javelin pierces through the merfolk avatar!
The sea snake bites you but does no damage.
The merfolk javelineer throws a javelin.
The javelin pierces through you.
* * * LOW HITPOINT WARNING * * *
😨 HP[-16] MP[-2]
You take 16 damage, and now have 47/128 hp.
You lost 2 mp, and now have 5/12 mp.
You slash the merfolk javelineer! You burn the merfolk javelineer.
Your headbutt misses the merfolk javelineer.
The merfolk impaler hits the plant with a +1 demon trident of draining!!
The merfolk avatar chants its luring song.
The merfolk siren chants its luring song.
The merfolk javelineer throws a silver javelin.
The silver javelin pierces through you.
* * * LOW HITPOINT WARNING * * *
x2 The silver javelin closely misses the merfolk aquamancer.
The sea snake misses you.
The merfolk impaler hits the plant with a +1 demon trident of draining!!
The merfolk impaler drains the plant! 😨 HP[-4]
You take 4 damage, and now have 43/128 hp.
You slash the merfolk javelineer! You burn the merfolk javelineer.
The merfolk siren chants its luring song.
The sea snake bites you!
* * * LOW HITPOINT WARNING * * *
The merfolk javelineer throws a silver javelin.
The silver javelin closely misses you.
The silver javelin pierces through the merfolk aquamancer!
The merfolk javelineer hits you from afar with a +4 vorpal spear.
* * * LOW HITPOINT WARNING * * *
x2 A merfolk siren comes into view. It is wielding a +0 spear.
The merfolk avatar chants its luring song.
The merfolk aquamancer barely misses you.
You furiously retaliate!
You headbutt the merfolk aquamancer.
The merfolk avatar chants its luring song. 😱 HP[-13] MP[-1]
You take 13 damage, and now have 30/128 hp.
You lost 1 mp, and now have 4/12 mp.
Your unstable footing causes you to fumble your attack.
The pull of its song draws you forwards.
A nearby plant withers and dies. x2
The pull of its song draws you forwards.
A sea snake comes into view.
The merfolk siren chants its luring song.
The merfolk javelineer throws a silver javelin.
The silver javelin pierces through you!
* * * LOW HITPOINT WARNING * * *
x2 The merfolk javelineer throws a javelin.
The javelin pierces through you!
* * * LOW HITPOINT WARNING * * *
The javelin pierces through the merfolk avatar!!
The merfolk aquamancer barely misses you.
You furiously retaliate!
You headbutt the merfolk aquamancer.
The merfolk siren chants a haunting song.
The merfolk avatar chants its luring song.
The sea snake closely misses you.
The sea snake moves out of view. 😱 HP[-21] MP[-3]
You take 21 damage, and now have 9/128 hp.
You lost 3 mp, and now have 1/12 mp.
You slice the merfolk javelineer!! You burn the merfolk javelineer!
Your headbutt misses the merfolk javelineer.
The merfolk avatar chants its luring song.
The sea snake closely misses you.
The merfolk impaler hits you from afar with a +1 demon trident of draining.
* * * LOW HITPOINT WARNING * * *
You feel drained.
* * * LOW HITPOINT WARNING * * *
The merfolk javelineer throws a silver javelin.
The silver javelin pierces through you!
You die...

Skill      XL: |  1  2  3  4  5  6  7  8  9 10 11 12 13 |
---------------+----------------------------------------+-----
Shields        | 4 5 6 7 9 10 11 | 11.0
Armour         | 4 5 6 7 9 10 12 14 15 | 15.8
Fighting       | 4 5 6 7 9 10 12 14 15 | 15.9
Long Blades    | 3 4 5 6 7 9 10 12 14 15 | 15.6

Action                   |  1- 3 |  4- 6 |  7- 9 | 10-12 | 13-15 || total
-------------------------+-------+-------+-------+-------+-------++-------
Melee: Long sword        |    91 |    96 |   253 |     5 |       ||   445
       Headbutt          |     9 |    27 |    51 |   120 |    38 ||   245
       Trident           |       |    22 |       |       |       ||    22
       Flail             |       |       |       |   180 |       ||   180
       Great sword       |       |       |       |   354 |   203 ||   557
Throw: Boomerang         |       |     3 |    65 |     3 |    56 ||   127
       Stone             |       |       |       |    30 |       ||    30
       Dart              |       |       |       |     6 |       ||     6
Invok: Heal Self         |       |       |       |     2 |       ||     2
Evoke: Wand              |       |       |       |     9 |       ||     9
       Phial of floods   |       |       |       |     1 |       ||     1
  Use: Scroll            |       |       |     3 |    24 |     5 ||    32
       Potion            |       |       |     2 |     9 |     3 ||    14
Armor: Scale mail        |    46 |       |       |       |       ||    46
       Chain mail        |       |    77 |   169 |   398 |   132 ||   776
Dodge: Dodged            |    36 |    33 |    80 |   233 |   144 ||   526
Block: Buckler           |    16 |    15 |    98 |   108 |       ||   237

Levels and vault maps discovered:
D:1:      minmay_arrival_cross, layout_basic, hellmonk_ecumenical_altar_run_dry
D:2:      layout_basic, serial_shops, shop, grunt_decor_mini_mirrors
D:3:      layout_basic
D:4:      layout_basic, fedhas_altar_2
D:5:      wander_river, layout_gridville, nicolae_wu_jian_immortal_techniques,
          general_overflow_altar, minmay_temple_entry_wispy,
          minmay_guarded_unrand_staff_of_olgreb
D:6:      layout_basic, kennysheep_little_box, ebering_ghost_reflecting_pool,
          uniq_sigmund, uniq_edmund, uniq_menkaure
D:7:      layout_rooms, gammafunk_temple_overflow_elements
D:8:      layout_basic, mainiacjoe_overflow_alcove_2, david_lair_generic,
          enter_bailey_6
D:9:      layout_basic, mainiacjoe_overflow_surrounded_room, serial_shops, shop,
          nicolae_diamond_shop
D:10:     layout_loops_ring, mainiacjoe_overflow_alcove_4, orc_0_dummy
Temple:   nicolae_temple_figure_eight
Lair:1:   beast_lair_carwin_large_2, layout_cave_pods,
          portal_ice_cave_entry_pillars_1, special_room [special_room_bee],
          nzn_ghost_randoct, lemuel_fruit_fields
Lair:2:   nzn_winding_woodlands_medium [nzn_winding_woodlands_5x5_default,
          nzn_winding_woodlands_5x15_river_crossing,
          nzn_winding_woodlands_5x5_three, nzn_winding_woodlands_5x5_default,
          nzn_winding_woodlands_center_pierced_h,
          nzn_winding_woodlands_5x5_default,
          nzn_winding_woodlands_5x5_open_star,
          nzn_winding_woodlands_5x15_sawtooth,
          nzn_winding_woodlands_5x5_default], layout_long_grid,
          elwin_shoals_entry_rocks
Lair:3:   layout_chaotic_city, minivault_11, lemuel_oklob_altar,
          lemuel_fruit_tree, grunt_megastairs_1, serial_bayou_shore_b
Shoals:1: layout_shoals, yaktaur_hedge
Shoals:2: layout_shoals, uniq_ilsuiw
Shoals:3: argonaut_golden_fleece, layout_shoals, nicolae_shoals_shepherds
Shoals:4: shoals_end_simple, layout_shoals, shoals_ilsuiw_alternative

Notes
Turn   | Place    | Note
-------+----------+-------------------------------------------
     0 | D:1      | Faeu the Minotaur Fighter began the quest for the Orb.
     0 | D:1      | Reached XP level 1. HP: 19/19 MP: 0/0
     0 | D:1      | magus.rc [v1.9.6]
   193 | D:1      | Reached XP level 2. HP: 19/27 MP: 1/1
   473 | D:1      | Reached skill level 4 in Shields
   506 | D:1      | Found a faded altar of an unknown god.
   538 | D:1      | Reached skill level 4 in Armour
   551 | D:1      | Reached skill level 4 in Fighting
   971 | D:1      | Reached skill level 3 in Long Blades
   971 | D:1      | Reached XP level 3. HP: 30/33 MP: 2/2
  1651 | D:2      | Found Pappev's Antique Weapon Shop.
  2182 | D:3      | Reached XP level 4. HP: 14/41 MP: 3/3
  2421 | D:3      | magus.rc [v1.9.6]
  2975 | D:4      | HP: 9/41 [iguana (9)]
  2978 | D:4      | Reached XP level 5. HP: 15/47 MP: 4/4
  3198 | D:4      | Found a blossoming altar of Fedhas.
  3221 | D:4      | Reached skill level 4 in Long Blades
  3229 | D:4      | Reached skill level 5 in Fighting
  3229 | D:4      | Reached skill level 5 in Shields
  3240 | D:4      | Reached skill level 5 in Armour
  3241 | D:4      | Reached XP level 6. HP: 34/56 MP: 5/5
  3899 | D:5      | Entered Level 5 of the Dungeon
  4020 | D:5      | Found a glowing silver altar of Zin.
  4035 | D:5      | Found the +9 staff of Olgreb {rPois∞}
  4038 | D:5      | Found a runed translucent door.
  4052 | D:5      | Found a runed translucent gate.
  4052 | D:5      | Found a runed translucent gate.
  4052 | D:5      | Noticed a redback
  4052 | D:5      | Noticed a redback
  4052 | D:5      | Noticed a redback
  4052 | D:5      | Noticed a redback
  4053 | D:5      | Found a runed translucent door.
  4081 | D:5      | Found a staircase to the Ecumenical Temple.
  4090 | Temple   | Entered the Ecumenical Temple
  4199 | Temple   | Became a worshipper of Elyvilon the Healer
  4297 | D:5      | Found a runed translucent gate.
  4299 | D:5      | Noticed a redback
  4299 | D:5      | Noticed a water moccasin
  4299 | D:5      | Noticed a redback
  4299 | D:5      | Noticed a redback
  4299 | D:5      | Noticed a water moccasin
  4299 | D:5      | Noticed a water moccasin
  4801 | D:5      | Found an ornate altar of the Wu Jian Council.
  4802 | D:5      | Noticed a water moccasin
  4811 | D:5      | Killed a water moccasin
  4812 | D:5      | Reached skill level 5 in Long Blades
  4812 | D:5      | Reached XP level 7. HP: 45/62 MP: 6/6
  5158 | D:6      | Reached skill level 6 in Shields
  5164 | D:6      | Reached * piety under Elyvilon
  5190 | D:7      | Reached skill level 6 in Fighting
  5190 | D:7      | Reached skill level 6 in Armour
  5388 | D:7      | HP: 15/63 [centaur (2)]
  5669 | D:7      | Found a broken altar of Ashenzari.
  5669 | D:7      | Found a radiant altar of Vehumet.
  5749 | D:6      | Reached skill level 6 in Long Blades
  5749 | D:6      | Reached XP level 8. HP: 64/71 MP: 7/7
  6108 | D:6      | Reached skill level 7 in Shields
  6114 | D:6      | Reached skill level 7 in Fighting
  6126 | D:6      | Reached skill level 7 in Armour
  6130 | D:6      | Found a runed translucent door.
  6142 | D:6      | Noticed crompyre's ghost (novice GnCA)
  6151 | D:6      | Noticed Edmund
  6245 | D:6      | Noticed Menkaure
  6248 | D:6      | Killed Menkaure
  6444 | D:6      | Killed Edmund
  6522 | D:6      | Reached skill level 7 in Long Blades
  6524 | D:6      | Found a snail-covered altar of Cheibriados.
  6578 | D:6      | Noticed Sigmund
  6587 | D:6      | Killed Sigmund
  7061 | D:7      | Reached XP level 9. HP: 81/81 MP: 8/8
  7073 | D:7      | Reached skill level 8 in Fighting
  7073 | D:7      | Reached skill level 8 in Shields
  7078 | D:7      | Reached skill level 8 in Armour
  7438 | D:7      | Reached ** piety under Elyvilon
  7807 | D:7      | Reached skill level 8 in Long Blades
  7947 | D:8      | Found a flagged portal.
  7957 | Bailey   | Entered a bailey
  8277 | Bailey   | Reached skill level 9 in Fighting
  8277 | Bailey   | Reached skill level 9 in Shields
  8322 | Bailey   | Reached skill level 9 in Armour
  8515 | D:8      | HP: 19/83 [gnoll sergeant/+0 spear (5)]
  8524 | D:8      | HP: 10/83 [gnoll/+0 halberd (5)]
  8538 | D:8      | HP: 12/83 [black bear (1)]
  8891 | D:8      | Reached skill level 9 in Long Blades
  8891 | D:8      | Reached XP level 10. HP: 41/91 MP: 9/9
  8920 | D:8      | Found a shimmering altar of Xom.
  9035 | D:8      | Noticed an elephant
  9160 | D:8      | You pick up a book of Decay and begin reading...
  9160 | D:8      | You add the spells Corpse Rot, Dispel Undead and Death
                  | Channel to your library.
  9180 | D:8      | You pick up a book of the Earth and begin reading...
  9180 | D:8      | You add the spells Leda's Liquefaction, Lee's Rapid
                  | Deconstruction and Statue Form to your library.
  9201 | D:8      | Found a staircase to the Lair.
  9265 | D:8      | Killed an elephant
  9441 | D:8      | You add the spells Inner Flame, Summon Ice Beast, Summon
                  | Mana Viper and Haunt to your library.
  9441 | D:8      | Got the Incunabulum of the Supportive Volcanoes
  9594 | D:8      | Reached skill level 10 in Fighting
  9594 | D:8      | HP: 20/93 [yak (8)]
  9599 | D:8      | Reached skill level 10 in Shields
  9612 | D:8      | HP: 12/93 [yak (4)]
  9619 | D:9      | Reached skill level 10 in Armour
 10138 | D:9      | You pick up a book of the Tundra and begin reading...
 10138 | D:9      | You add the spells Hailstorm, Ice Form and Simulacrum to
                  | your library.
 10140 | D:9      | Noticed a deep elf pyromancer
 10142 | D:9      | Reached *** piety under Elyvilon
 10546 | D:9      | HP: 21/93 [fire elemental[a deep elf pyromancer] (5)]
 10547 | D:9      | HP: 5/93 [fire elemental[a deep elf pyromancer] (8)]
 11151 | D:9      | Killed a deep elf pyromancer
 11418 | D:9      | Reached skill level 10 in Long Blades
 11427 | D:9      | Found Nenu Reno's General Store.
 11575 | D:9      | Found Fibo's General Store.
 11656 | D:9      | HP: 20/94 [acid dragon (9)]
 11710 | D:9      | Found a hazy altar of Hepliaklqana.
 12216 | D:10     | Entered Level 10 of the Dungeon
 12869 | D:9      | HP: 16/94 [troll (10)]
 13351 | D:5      | Reached XP level 11. HP: 27/101 MP: 7/10
 13351 | D:5      | HP: 24/101 [redback (3)]
 13356 | D:5      | HP: 20/101 [water moccasin (5)]
 13360 | D:5      | Reached skill level 11 in Fighting
 13766 | D:5      | Reached skill level 11 in Shields
 13775 | D:5      | Reached skill level 11 in Armour
 13960 | Lair:1   | Entered Level 1 of the Lair of Beasts
 14014 | Lair:1   | Found a transporter.
 14053 | Lair:1   | Noticed Sobaton's ghost (journeyman DrFi)
 14058 | Lair:1   | Noticed a five-headed hydra
 14067 | Lair:1   | Found a transporter.
 14073 | Lair:1   | Noticed an oklob plant
 14255 | Lair:1   | Found a frozen archway.
 14266 | IceCv    | Entered an ice cave
 14272 | IceCv    | Reached skill level 11 in Long Blades
 14446 | IceCv    | HP: 25/102 [ice statue] (14)]
 14447 | IceCv    | Elyvilon protects you from harm!
 14949 | IceCv    | HP: 22/102 [ice statue/shard of ice (22)]
 16283 | Lair:1   | Reached **** piety under Elyvilon
 16285 | Lair:1   | Noticed a four-headed hydra
 16311 | Lair:1   | Killed a one-headed hydra
 16312 | Lair:1   | Reached skill level 12 in Fighting
 16312 | Lair:1   | Reached skill level 12 in Armour
 16531 | Lair:1   | Reached skill level 12 in Long Blades
 16845 | Lair:1   | HP: 25/105 [killer bee (3)]
 17299 | Lair:1   | Reached XP level 12. HP: 103/113 MP: 7/11
 17673 | Lair:1   | magus.rc [v1.9.6]
 17673 | Lair:1   | magus.rc [v1.9.6]
 17732 | Lair:2   | Found a staircase to the Shoals.
 17940 | Lair:2   | Reached skill level 13 in Fighting
 18025 | Lair:2   | Reached skill level 13 in Armour
 18198 | Lair:2   | Noticed a six-headed hydra
 18204 | Lair:2   | Killed a one-headed hydra
 18205 | Lair:2   | Reached skill level 13 in Long Blades
 18409 | Lair:2   | Noticed a six-headed hydra
 18415 | Lair:2   | Killed a four-headed hydra
 18536 | Lair:2   | Noticed a seven-headed hydra
 18542 | Lair:2   | Killed a five-headed hydra
 18656 | Lair:2   | Noticed a six-headed hydra
 18657 | Lair:2   | Noticed a five-headed hydra
 18660 | Lair:2   | Killed a three-headed hydra
 18661 | Lair:2   | Reached skill level 14 in Fighting
 18665 | Lair:2   | Reached skill level 14 in Armour
 18673 | Lair:2   | Killed a one-headed hydra
 18691 | Lair:2   | Noticed a death yak
 18971 | Lair:2   | Reached skill level 14 in Long Blades
 18981 | Lair:2   | Killed a death yak
 19294 | Lair:2   | Noticed a five-headed hydra
 19303 | Lair:2   | Killed a three-headed hydra
 19548 | Lair:2   | Reached ***** piety under Elyvilon
 19652 | Shoals:1 | Entered Level 1 of the Shoals
 19652 | Shoals:1 | Noticed a merfolk impaler
 19659 | Shoals:1 | Killed a merfolk impaler
 19659 | Shoals:1 | HP: 29/118 [poisoned by a merfolk impaler]
 19660 | Shoals:1 | Reached XP level 13. HP: 31/125 MP: 5/12
 19661 | Shoals:1 | HP: 11/125 [poisoned by a merfolk impaler]
 20444 | Shoals:1 | HP: 24/125 [drowned by a drowned soul[a merfolk avatar]
                  | (13)]
 20848 | Shoals:1 | HP: 20/125 [drowned by a drowned soul[a merfolk avatar]
                  | (15)]
 20851 | Shoals:1 | HP: 7/125 [drowned by a drowned soul[a merfolk avatar]
                  | (10)]
 20857 | Shoals:1 | Elyvilon protects you from harm!
 21507 | Shoals:3 | Reached skill level 15 in Fighting
 21554 | Shoals:3 | Reached skill level 15 in Armour
 21559 | Shoals:3 | HP: 30/126 [poisoned by a sea snake]
 21564 | Shoals:3 | HP: 26/126 [poisoned by a sea snake]
 22226 | Shoals:3 | Reached skill level 15 in Long Blades
 22741 | Shoals:3 | HP: 23/127 [centaur warrior/arrow (14)]
 22747 | Shoals:3 | HP: 17/127 [centaur warrior/arrow (8)]
 22750 | Shoals:3 | HP: 7/127 [centaur warrior/arrow (11)]
 22860 | Shoals:3 | Noticed a merfolk javelineer
 22868 | Shoals:3 | HP: 27/127 [centaur/arrow (6)]
 22871 | Shoals:3 | Elyvilon protects you from harm!
 22872 | Shoals:3 | HP: 11/127 [merfolk/+0 trident (3)]
 22872 | Shoals:3 | Elyvilon protects you from harm!
 22873 | Shoals:3 | Elyvilon protects you from harm!
 23514 | Shoals:3 | Killed a merfolk javelineer
 23516 | Shoals:3 | HP: 29/128 [merfolk/+0 trident (16)]
 23998 | Shoals:4 | Entered Level 4 of the Shoals
 24034 | Shoals:4 | Noticed a merfolk javelineer
 24035 | Shoals:4 | Noticed a merfolk javelineer
 24036 | Shoals:4 | Noticed a merfolk impaler
 24047 | Shoals:4 | HP: 31/128 [merfolk javelineer/+4 vorpal spear (5)]
 24048 | Shoals:4 | HP: 9/128 [merfolk javelineer/javelin (12)]
 24049 | Shoals:4 | HP: 3/126 [merfolk impaler/+1 demon trident of draining
                  | (2)]
 24049 | Shoals:4 | Hit by a silver javelin thrown by a merfolk javelineer

Vanquished Creatures
  A merfolk impaler (Shoals:1)
  A merfolk javelineer (Shoals:3)
  7 hydras
  2 centaur warriors (Shoals:3)
  A satyr (Shoals:3)
  A merfolk avatar (Shoals:1)
  A death yak (Lair:2)
  2 sea snakes (Shoals:3)
  A deep elf pyromancer (D:9)
  6 fauns (Shoals:3)
  7 manticores
  2 elephants
  4 merfolk sirens
  A black mamba (Lair:2)
  6 cane toads
  A torpor snail (Lair:2)
  5 komodo dragons
  A yaktaur (Shoals:1)
  An unseen horror (D:10)
  A freezing wraith (IceCv)
  An entropy weaver simulacrum (IceCv)
  A troll (D:9)
  6 merfolk
  A queen bee (Lair:1)
  3 wind drakes (Shoals:3)
  4 polar bears (Lair:1)
  3 snapping turtles
  13 blink frogs
  Sigmund (D:6)
  A wyvern (Lair:2)
  22 yaks
  4 water elementals
  4 basilisks
  4 humans
  A steam dragon (D:9)
  Edmund (D:6)
  Menkaure (D:6)
  6 redbacks (D:5)
  8 water moccasins
  An acid dragon (D:9)
  2 ice beasts (D:7)
  A sky beast (D:6)
  4 orc warriors
  3 ogres
  3 black bears
  A wolf (Lair:2)
  11 centaurs
  A kobold brigand (D:9)
  5 scorpions
  A cane toad simulacrum (IceCv)
  9 bullfrogs
  A gnoll sergeant (D:8)
  An elephant simulacrum (IceCv)
  37 killer bees
  7 wights
  5 howler monkeys
  2 centaur zombies
  A gnoll shaman (D:9)
  2 centaur skeletons
  2 hounds
  2 orc priests (D:7)
  5 iguanas
  7 orc wizards
  A polar bear simulacrum (IceCv)
  A wolf simulacrum (IceCv)
  A howler monkey zombie (D:9)
  9 gnolls
  8 adders
  4 shadow imps
  An adder skeleton (D:4)
  A worm (D:2)
  35 orcs
  4 ball pythons
  11 endoplasms
  3 giant cockroaches
  6 goblins
  8 hobgoblins
  20 kobolds
  4 quokkas
  3 bats
  A frilled lizard (D:1)
  4 rats
376 creatures vanquished.

Vanquished Creatures (others)
  An orc (Bailey)
  A hobgoblin (Bailey)
  5 bushes
  8 fungi
  78 plants
93 creatures vanquished.

Grand Total: 469 creatures vanquished

Table legend:
 A = Non-vault XP
 B = Vault XP
 C = Vault XP percentage of total XP
 D = Non-vault monster count
 E = Vault monster count
 F = Vault count percentage of total count
                 A         B        C        D         E       F
            +---------+---------+-------+---------+---------+-------
      Total |   38672 |   19532 |  33.6 |     272 |     105 |  27.9
            +---------+---------+-------+---------+---------+-------
        D:1 |      41 |       0 |   0.0 |      25 |       0 |   0.0
        D:2 |      30 |       0 |   0.0 |      11 |       0 |   0.0
        D:3 |      96 |       0 |   0.0 |      21 |       0 |   0.0
        D:4 |     315 |       0 |   0.0 |      26 |       0 |   0.0
        D:5 |     331 |    2029 |  86.0 |       5 |      19 |  79.2
        D:6 |    1062 |     561 |  34.6 |      17 |       3 |  15.0
        D:7 |    1382 |       0 |   0.0 |      27 |       0 |   0.0
        D:8 |    1614 |    1233 |  43.3 |      25 |       6 |  19.4
        D:9 |    2189 |       0 |   0.0 |      30 |       0 |   0.0
       D:10 |     367 |       0 |   0.0 |       1 |       0 |   0.0
     Lair:1 |    5795 |    3286 |  36.2 |      20 |      32 |  61.5
     Lair:2 |    6457 |    8679 |  57.3 |      24 |      20 |  45.5
   Shoals:1 |    4245 |     371 |   8.0 |      10 |       1 |   9.1
   Shoals:2 |     517 |       0 |   0.0 |       1 |       0 |   0.0
   Shoals:3 |   13930 |    1493 |   9.7 |      28 |       7 |  20.0
   Shoals:4 |     301 |       0 |   0.0 |       1 |       0 |   0.0
     Bailey |       0 |     962 | 100.0 |       0 |      11 | 100.0
      IceCv |       0 |     918 | 100.0 |       0 |       6 | 100.0
            +---------+---------+-------+---------+---------+-------

Illustrated notes

Table legend:
 A = Kills in this place as a percentage of kills in entire the game.
 B = Kills by you in this place as a percentage of kills by you in the entire game.
 C = Kills by friends in this place as a percentage of kills by friends in the entire game.
 D = Other kills in this place as a percentage of other kills in the entire game.
 E = Experience gained in this place as a percentage of experience gained in the entire game.
 F = Experience gained in this place divided by the number of levels of this place that you have seen.
                   A       B       C       D       E      F
               +-------+-------+-------+-------+-------+----------------------
         Total | 100.0 | 100.0 |   N/A | 100.0 | 100.0 | 2910.2
       Dungeon |  57.3 |  57.4 |   N/A |   0.0 |  19.3 | 1125.0
          Lair |  25.5 |  25.5 |   N/A |   0.0 |  41.6 | 8072.3
        Shoals |  12.7 |  12.8 |   N/A |   0.0 |  35.8 | 5214.2
        Bailey |   2.9 |   2.7 |   N/A | 100.0 |   1.7 | 962.0
      Ice Cave |   1.6 |   1.6 |   N/A |   0.0 |   1.6 | 918.0
               +-------+-------+-------+-------+-------+----------------------

Table legend: (Time is in decaauts)
 A = Elapsed time spent in this place.
 B = Non-inter-level travel time spent in this place.
 C = Inter-level travel time spent in this place.
 D = Time resting spent in this place.
 E = Time spent auto-exploring this place.
 F = Levels seen in this place.
 G = Mean time per level.
                   A        B        C        D        E       F      G
               +--------+--------+--------+--------+--------+-----+--------+
         Total |  24375 |  23905 |    470 |   9930 |   6733 |  20 | 1218.8 |
       Dungeon |  13473 |  13110 |    363 |   4422 |   4591 |  10 | 1347.3 |
        Temple |    141 |    141 |      0 |      0 |     26 |   1 |  141.0 |
          Lair |   4540 |   4467 |     73 |   1192 |   2063 |   3 | 1513.3 |
        Shoals |   4121 |   4088 |     33 |   2658 |      0 |   4 | 1030.2 |
        Bailey |    544 |    544 |      0 |    397 |      0 |   1 |  544.0 |
      Ice Cave |   1554 |   1554 |      0 |   1260 |     53 |   1 | 1554.0 |
               +--------+--------+--------+--------+--------+-----+--------+

Top non-repeatable levels by time:
Shoals:3: 2572 daAuts
     D:9: 2506 daAuts
  Lair:2: 2316 daAuts
  Lair:1: 2222 daAuts
     D:8: 1991 daAuts
     D:5: 1949 daAuts
   IceCv: 1554 daAuts
     D:7: 1536 daAuts
     D:6: 1421 daAuts
Shoals:1: 1340 daAuts
     D:1: 1166 daAuts
     D:3: 985 daAuts
     D:4: 953 daAuts
     D:2: 842 daAuts
  Bailey: 544 daAuts
